 Dungeon Crawl Stone Soup version 0.31-a0-188-g5e087ee2ca (webtiles) character file.

Game seed: 4171732861912324010

399 qw the Skirmisher (level 6, -4/35 HPs)
             Began as a Deep Elf Hunter on June 23, 2023.
             Slain by a gnoll
             ... wielding a +0 halberd
             ... led by a gnoll bouda
              (7 damage)
             ... on level 4 of the Dungeon.
             The game lasted 00:01:05 (2417 turns).

qw the Skirmisher (Deep Elf Hunter)                 Turns: 2417, Time: 00:01:05

Health: -4/35      AC: 10    Str: 10    XL:     6   Next: 54%
Magic:  8/8        EV: 11    Int: 14    God:
Gold:   172        SH:  0    Dex: 18    Spells: 5/5 levels left

rFire   . . .        Y - +2 shortbow
rCold   . . .        (shield currently unavailable)
rNeg    . . .        g - +0 ring mail
rPois   +            d - +0 helmet
rElec   .            e - +2 cloak {rPois}
rCorr   .            k - +0 pair of gloves
SInv    .            (no boots)
Will    .....        (no amulet)
Stlth   +            (no ring)
HPRegen 0.25/turn    (no ring)
MPRegen 0.11/turn

%: no passive effects
@: about to teleport, weakened
A: no striking features
a: no special abilities


You were on level 4 of the Dungeon.
You visited 1 branch of the dungeon, and saw 4 of its levels.

You collected 172 gold pieces.


   Skills:
 - Level 2.2 Fighting
 + Level 9.3 Ranged Weapons
 - Level 1.8 Armour
 - Level 2.9 Dodging
 - Level 1.2 Stealth


You had 5 spell levels left.
You didn't know any spells.
Your spell library was empty.

Inventory:

Hand Weapons
 Y - a +2 shortbow (weapon)
Armour
 d - a +0 helmet (worn)
 e - a +2 cloak of poison resistance (worn)
 g - a +0 ring mail (worn)
 k - a +0 pair of gloves (worn)
Jewellery
 c - a ring of protection from cold
 h - a ring of poison resistance
Scrolls
 b - a scroll of silence {unknown}
 f - a scroll of identify
Potions
 i - 2 potions of haste
 l - a potion of curing

Dungeon Overview and Level Annotations

Branches:
Dungeon (4/15)
 Temple: D:4-7

Altars:
Gozag
The Shining One


Message History

The gnoll hits you with a +0 whip.
You shoot an arrow. The arrow closely misses the gnoll.
You hear a shout!
The gnoll hits you but does no damage.
A gnoll comes into view. It is wielding a +0 halberd.
You shoot an arrow. The arrow hits the gnoll!
You kill the gnoll!
You hear a shout!
You shoot an arrow. The arrow hits the gnoll bouda!
The gnoll bouda is heavily wounded.
A gnoll comes into view. It is wielding a +0 club.
The gnoll bouda hits you with a +0 whip.
You shoot an arrow.
The arrow hits the gnoll bouda but does no damage.
The gnoll bouda is heavily wounded.
The gnoll is no longer moving quickly.
The gnoll hits you from afar with a +0 halberd.
The gnoll bouda barks out a call to the hunt!
The gnoll picks up the pace!
You shoot an arrow.
The arrow closely misses the gnoll bouda.
The gnoll barely misses you. The gnoll bouda barely misses you.
You shoot an arrow. The arrow hits the gnoll bouda.
The gnoll bouda is severely wounded.
The gnoll barely misses you. The gnoll bouda barely misses you.
The gnoll hits you but does no damage.
You shoot an arrow. The arrow hits the gnoll bouda.
The gnoll bouda is almost dead.
The gnoll is no longer moving quickly.
The gnoll bouda barks out a call to the hunt!
The gnoll picks up the pace!
The gnoll hits you from afar with a +0 halberd!
The gnoll bouda gazes fiercely through you!
You feel your attacks grow feeble.
The gnoll bouda hits you with a +0 whip!
2417 ||| READING scroll of teleportation.
As you read the scroll of teleportation, it crumbles to dust.
You feel strangely unstable.
The gnoll hits you from afar with a +0 halberd!
You die...

#..# .... #...### .>. .......
.... ...%).g. .... ##.......g
..#.# ##......... ..#....
###.g#g...... ........ #..
#....g# ....###....#.# ######.#
#....@# #............. #......#
#.....###.##>......... #......#
#..................... #......#
#.....##.#............ #......#
#..<.....#............
#......###......##...#.........
#..........##......#.####......
#......###.##.#.##...# #.....#
#......###......#?.######).#...


You could see a gnoll bouda and 2 gnolls.

Vanquished Creatures
  An ogre (D:4)
  A scorpion (D:4)
  An orc priest (D:3)
  Terence (D:3)
  An orc wizard (D:3)
  8 adders
  3 gnolls (D:4)
  A worm (D:3)
  2 dart slugs
  4 orcs
  An endoplasm (D:4)
  4 giant cockroaches
  8 goblins
  11 hobgoblins
  2 quokkas
  6 ball pythons
  9 bats
  6 frilled lizards
  7 kobolds
  5 rats
82 creatures vanquished.

Notes
Turn   | Place    | Note
-------+----------+-------------------------------------------
     0 | D:1      | qw the Deep Elf Hunter began the quest for the Orb.
     0 | D:1      | Reached XP level 1. HP: 12/12 MP: 3/3
     0 | D:1      | 0 ||| qw: Version: 0.3-a-9-g12657ce
     0 | D:1      | 0 ||| qw: Game counter: 3110
     0 | D:1      | 0 ||| qw: Always use a shield: true
     0 | D:1      | 0 ||| qw: God list: Okawaru
     0 | D:1      | 0 ||| qw: Allow faded altars: false
     0 | D:1      | 0 ||| qw: Do Orc after D:15 true
     0 | D:1      | 0 ||| qw: Do second Lair branch before Depths: true
     0 | D:1      | 0 ||| qw: Lair rune preference: random
     0 | D:1      | 0 ||| qw: Plans: Normal
     0 | D:1      | 0 ||| PLANNING D:1-11
    33 | D:1      | Reached XP level 2. HP: 15/16 MP: 4/4
    35 | D:1      | Reached skill level 6 in Ranged Weapons
   368 | D:1      | Reached XP level 3. HP: 20/20 MP: 5/5
   527 | D:1      | 527 ||| UPGRADING to +0 helmet.
   532 | D:1      | 532 ||| UPGRADING to +0 pair of gloves.
   537 | D:1      | 537 ||| UPGRADING to ring of poison resistance.
   538 | D:1      | 538 ||| READING 2 scrolls labelled YTRUH QURAMPI.
   542 | D:1      | 542 ||| READING 2 scrolls labelled COOQ XUSOSOHAV.
   543 | D:1      | 543 ||| READING scroll labelled HUYKLA ATOVOG.
   544 | D:1      | 544 ||| READING scroll labelled FUIPHOCUOCW.
   545 | D:1      | 545 ||| DROPPING scroll of butterflies.
   722 | D:2      | Reached skill level 7 in Ranged Weapons
   833 | D:2      | Reached XP level 4. HP: 25/25 MP: 6/6
   958 | D:2      | 958 ||| READING scroll of enchant weapon.
   958 | D:2      | 958 ||| ENCHANTING +1 shortbow.
  1252 | D:2      | 1252 ||| UPGRADING to +2 cloak of poison resistance.
  1257 | D:2      | 1257 ||| REMOVING ring of poison resistance.
  1258 | D:2      | 1258 ||| READING scroll labelled KUITTI ORCHYGYMUOV.
  1259 | D:2      | 1259 ||| READING scroll labelled XOPUXT MUDIAJUBRI.
  1260 | D:2      | 1260 ||| DRINKING 3 emerald potions.
  1347 | D:3      | 1347 ||| Stepping ~*~*~tactically~*~*~ (outnumbered).
  1349 | D:3      | 1349 ||| Stepping ~*~*~tactically~*~*~ (outnumbered).
  1358 | D:3      | Reached skill level 8 in Ranged Weapons
  1363 | D:3      | Reached XP level 5. HP: 18/29 MP: 7/7
  1532 | D:3      | Noticed Terence
  1550 | D:3      | Killed Terence
  1629 | D:3      | Reached skill level 9 in Ranged Weapons
  1969 | D:3      | Found a glowing golden altar of the Shining One.
  1969 | D:3      | Found an opulent altar of Gozag.
  2126 | D:3      | 2126 ||| UPGRADING to +0 scale mail.
  2136 | D:3      | 2136 ||| DROPPING +0 leather armour.
  2137 | D:3      | 2137 ||| UPGRADING to +0 ring mail.
  2147 | D:3      | 2147 ||| DROPPING +0 scale mail.
  2148 | D:3      | 2148 ||| READING 2 scrolls labelled DAINAT OPRUTT.
  2149 | D:3      | 2149 ||| DRINKING 3 black potions.
  2150 | D:3      | 2150 ||| READING 2 scrolls of identify.
  2150 | D:3      | 2150 ||| IDENTIFYING puce potion
  2151 | D:3      | 2151 ||| DROPPING 2 potions of attraction.
  2152 | D:3      | 2152 ||| DROPPING scroll of fear.
  2223 | D:4      | Noticed an ogre
  2230 | D:4      | Killed an ogre
  2231 | D:4      | Reached skill level 1 in Armour
  2231 | D:4      | Reached XP level 6. HP: 26/34 MP: 8/8
  2373 | D:4      | 2373 ||| Stepping ~*~*~tactically~*~*~ (outnumbered).
  2375 | D:4      | 2375 ||| Stepping ~*~*~tactically~*~*~ (outnumbered).
  2403 | D:4      | 2403 ||| Stepping ~*~*~tactically~*~*~ (outnumbered).
  2416 | D:4      | HP: 2/35 [gnoll bouda/+0 whip (7)]
  2417 | D:4      | 2417 ||| READING scroll of teleportation.
  2417 | D:4      | Slain by a gnoll

Levels and vault maps discovered:
D:1:      erik_arrival_blinker_ship, layout_rooms, roderic_serpentine_path,
          minivault_23, kennysheep_minor_cross
D:2:      minmay_razor_zed, layout_basic
D:3:      layout_loops_ring, gammafunk_temple_overflow_pools,
          chequers_serial_rivers_micro_e, hangedman_decor_points, uniq_terence
D:4:      layout_rooms

Skill      XL: |  1  2  3  4  5  6 |
---------------+-------------------+-----
Ranged Weapons | 6 7 8 9 |  9.3
Armour         | 1 |  1.8
Fighting       | 2 |  2.2
Dodging        | |  2.9
Stealth        | |  1.2

Action                     |  1- 3 |  4- 6 || total
---------------------------+-------+-------++-------
   Fire: Shortbow          |    98 |   146 ||   244
    Use: Scroll            |     4 |     6 ||    10
         Potion            |       |     2 ||     2
 Armour: Leather armour    |    10 |    14 ||    24
         Ring mail         |       |     6 ||     6
  Dodge: Dodged            |    35 |    45 ||    80

Table legend:
 A = Non-vault XP
 B = Vault XP
 C = Vault XP percentage of total XP
 D = Non-vault monster count
 E = Vault monster count
 F = Vault count percentage of total count
                 A         B        C        D         E       F
            +---------+---------+-------+---------+---------+-------
      Total |     495 |      76 |  13.3 |      70 |      12 |  14.6
            +---------+---------+-------+---------+---------+-------
        D:1 |      43 |       0 |   0.0 |      27 |       0 |   0.0
        D:2 |      52 |      40 |  43.5 |      11 |      11 |  50.0
        D:3 |     135 |      36 |  21.1 |      19 |       1 |   5.0
        D:4 |     265 |       0 |   0.0 |      13 |       0 |   0.0
            +---------+---------+-------+---------+---------+-------
